 Dungeon Crawl Stone Soup version 0.24-a0-102-g7635c99 (console) character file.

Game seed: 4082417830902338910

52 Duffy the Caller (level 3, -3/46 HPs)
             Began as a Naga Summoner on Feb 12, 2019.
             Slain by a hippogriff (7 damage)
             ... on level 2 of the Dungeon.
             The game lasted 00:01:41 (1696 turns).

Duffy the Caller (Naga Summoner)                    Turns: 1696, Time: 00:01:42

Health: -3/46      AC:  2    Str: 15    XL:     3   Next: 85%
Magic:  1/6        EV: 10    Int: 16    God:
Gold:   37         SH:  0    Dex: 11    Spells: 1/7 levels left

rFire    . . .     SeeInvis +   e - +1 short sword (elec)
rCold    . . .     Gourm    .   (no shield)
rNeg     . . .     Faith    .   a - +0 robe
rPois    +         Spirit   .   (no helmet)
rElec    .         Reflect  .   (no cloak)
rCorr    .         Harm     .   (no gloves)
MR       .....                  (no barding)
Stlth    ..........             (no amulet)
HPRegen  0.15/turn              (no ring)
MPRegen  0.10/turn              (no ring)

@: berserking, very slightly contaminated, hasted, quick
A: large, see invisible, deformed body, poison resistance, slowness 2, slow
metabolism 1, spit poison 1, AC +1
a: Spit Poison


You were on level 2 of the Dungeon.
You were near starving.

You visited 1 branch of the dungeon, and saw 2 of its levels.

You collected 37 gold pieces.

Inventory:

Hand Weapons
 e - a +1 short sword of electrocution (weapon)
Armour
 a - a +0 robe (worn)
Scrolls
 b - 2 scrolls of identify {unknown}
 h - a scroll of noise {unknown}
 i - a scroll of blinking {unknown}
Comestibles
 c - 3 rations


   Skills:
 + Level 1.3 Fighting
 + Level 1.3 Short Blades
 - Level 1.5 Dodging
 - Level 3.0 Stealth
 + Level 2.5 Spellcasting
 + Level 4.3 Summonings


You had one spell level left.
You knew the following spells:

 Your Spells              Type           Power        Failure   Level  Hunger
h - Call Canine Familiar  Summ           ###.....     10%         3    ###....
j - Call Imp              Summ           ###.....     4%          2    ##.....
k - Summon Small Mammal   Summ           ###.         3%          1    #......

Your spell library contained the following spells:

 Spells                   Type           Power        Failure   Level  Hunger
 Summon Guardian Golem    Hex/Summ       #.......     24%         3    ###....
 Summon Ice Beast         Ice/Summ       #.......     61%         4    #####..
 Summon Lightning Spire   Summ/Air       #.......     61%         4    #####..


Dungeon Overview and Level Annotations

Branches:
Dungeon (2/15)

Altars:


Innate Abilities, Weirdness & Mutations

You cannot wear boots.
Your serpentine skin is tough. (AC +1)
You have supernaturally acute eyesight. (SInv)
Armour fits poorly on your strangely shaped body.
Your system is resistant to poisons. (rPois)
You cover ground very slowly.
You have a slow metabolism.
You can spit poison.


Message History

It was a potion of curing.
You feel better. The hippogriff closely misses you. x2
The hippogriff claws you but does no damage.
Okay, then.
It was a potion of berserk rage.
A red film seems to cover your vision as you go berserk!
You feel yourself moving faster!
You feel mighty! The hippogriff bites you! The hippogriff pecks you.
The hippogriff claws you!
You completely miss the hippogriff. You hit the hippogriff.
The hippogriff is lightly wounded.
The hippogriff bites you! The hippogriff pecks you. The hippogriff misses you.
You hit the hippogriff.
The hippogriff is lightly wounded.
The hippogriff closely misses you. x2; The hippogriff barely misses you.
You closely miss the hippogriff.
The hippogriff is lightly wounded.
You puncture the hippogriff!
The hippogriff is heavily wounded.
The hippogriff bites you! The hippogriff pecks you. The hippogriff claws you!
You die...

...### #.#
...<..###.#
......s.#.#
#.#.###########
#.hh..........#
###h#########.#
#.# #.#
#h###### #.#
#hH@...# #.#
######.# #.#
#.# #.# #.# #.#
#.# #.# #.#


You could see a hippogriff and 2 jackals.

Vanquished Creatures
  Natasha (D:2)
  3 dart slugs (D:1)
  A leopard gecko (D:1)
  2 bats
  A giant cockroach (D:1)
  A goblin (D:1)
  A hobgoblin (D:1)
  2 frilled lizards (D:1)
  6 kobolds (D:1)
  6 rats (D:1)
24 creatures vanquished.

Notes
Turn   | Place    | Note
-------+----------+-------------------------------------------
     0 | D:1      | Duffy the Naga Summoner began the quest for the Orb.
     0 | D:1      | Reached XP level 1. HP: 15/15 MP: 3/3
   582 | D:1      | Reached XP level 2. HP: 7/24 MP: 5/5
  1156 | D:1      | Reached skill level 1 in Short Blades
  1156 | D:1      | Reached XP level 3. HP: 30/30 MP: 6/6
  1160 | D:1      | Learned a level 2 spell: Call Imp
  1164 | D:1      | Learned a level 3 spell: Call Canine Familiar
  1254 | D:1      | Reached skill level 1 in Fighting
  1510 | D:2      | Noticed Natasha
  1514 | D:2      | Killed Natasha
  1678 | D:2      | Noticed a scorpion
  1681 | D:2      | Noticed a hippogriff
  1696 | D:2      | Slain by a hippogriff

Levels and vault maps discovered:
D:1:      dpeg_arrival_chase, layout_loops_ring
D:2:      layout_loops_ring, chequers_ecumenical_altar_simple_redux,
          minmay_cut_off, uniq_natasha, uniq_terence

Skill      XL: |  1  2  3 |
---------------+----------+-----
Short Blades   | 1 |  1.3
Fighting       | 1 |  1.3
Dodging        | |  1.5
Stealth        | |  3.0
Spellcasting   | |  2.5
Summonings     | |  4.3

Action                   || total
-------------------------++-------
Melee: Short sword       ||    63
 Cast: Call Canine Famil ||     1
 Abil: Spit Poison       ||     2
  Use: Potion            ||     3
 Stab: Sleeping          ||     3
Armor: Robe              ||    18
Dodge: Dodged            ||    36

Table legend:
 A = Non-vault XP
 B = Vault XP
 C = Vault XP percentage of total XP
 D = Non-vault monster count
 E = Vault monster count
 F = Vault count percentage of total count
                 A         B        C        D         E       F
            +---------+---------+-------+---------+---------+-------
      Total |      39 |      36 |  48.0 |      23 |       1 |   4.2
            +---------+---------+-------+---------+---------+-------
        D:1 |      38 |       0 |   0.0 |      22 |       0 |   0.0
        D:2 |       1 |      36 |  97.3 |       1 |       1 |  50.0
            +---------+---------+-------+---------+---------+-------
